 Dungeon Crawl Stone Soup version 0.29-a0-321-gf1c400731a (webtiles) character file.

Game seed: 7952673397459259493

198 Cecur the Digger (level 5, -5/31 HPs)
             Began as an Octopode Earth Elementalist on Apr 4, 2022.
             Was a Believer of Vehumet.
             Slain by Edmund
             ... wielding a +0 flail of distortion
              (12 damage)
             ... on level 4 of the Dungeon.
             The game lasted 00:03:54 (2943 turns).

Cecur the Digger (Octopode Earth Elementalist)      Turns: 2943, Time: 00:03:54

Health: -5/31      AC:  1    Str:  7    XL:     5   Next: 77%
Magic:  2/10       EV: 13    Int: 20    God:    Vehumet [**....]
Gold:   190        SH:  0    Dex: 12    Spells: 6/10 levels left

rFire   . . .      SeeInvis .   i - +1 rapier (holy)
rCold   . . .      Faith    .   d - orb {*channel}
rNeg    . . .      Spirit   .   (helmet restricted)
rPois   .          Reflect  .   (no amulet)
rElec   .          Harm     .   (no ring)
rCorr   .          Rampage  .   (no ring)
Will    .....                   (no ring)
Stlth   +++.......              (no ring)
HPRegen 0.10/turn               (no ring)
MPRegen 0.12/turn               (no ring)
                                (no ring)
                                (no ring)

@: very slightly contaminated
A: almost no armour, amphibious, 8 rings, camouflage 1, gelatinous body 1,
(nimble swimmer 1), tentacles
a: Renounce Religion


You were on level 4 of the Dungeon.
You worshipped Vehumet.
Vehumet was pleased with you.
You visited 1 branch of the dungeon, and saw 4 of its levels.

You collected 190 gold pieces.

Inventory:

Hand Weapons
 i - a +1 rapier of holy wrath (weapon)
Armour
 d - an orb of energy (worn)
Magical Staves
 m - a staff of poison
Jewellery
 k - a ring of flight
 s - a ring of protection from fire
Scrolls
 e - 3 scrolls of enchant weapon {unknown}
 l - a scroll of teleportation {unknown}
 n - 3 scrolls of blinking {unknown}
 o - 3 scrolls of identify {unknown}
 p - 3 scrolls of amnesia {unknown}
 q - a scroll of vulnerability {unknown}
 r - a scroll of fear {unknown}
Potions
 b - 2 potions of magic
 c - a potion of flight {unknown}
 f - 3 potions of curing {unknown}
 g - a potion of degeneration {unknown}
 h - a potion of mutation {unknown}
 j - 2 potions of might {unknown}


   Skills:
 + Level 0.1 Fighting
 + Level 0.1 Short Blades
 + Level 2.7 Dodging
 + Level 2.9 Stealth
 + Level 0.3 Unarmed Combat
 + Level 3.3 Spellcasting
 * Level 1.0 Conjurations
 + Level 1.0 Transmutations
 + Level 4.7 Earth Magic


You had 6 spell levels left.
You knew the following spells:

 Your Spells              Type           Power      Damage    Failure   Level
a - Sandblast             Erth           44%        2d11      1%          1
b - Stone Arrow           Conj/Erth      28%        3d8       13%         3

Your spell library contained the following spells:

 Spells                   Type           Power      Damage    Failure   Level
 Freeze                   Ice            12%        1d4       14%         1
 Passwall                 Tmut/Erth      11%        N/A       6%          2
 Gell's Gravitas          Tloc           3%         N/A       38%         3
 Teleport Other           Tloc           3%         N/A       38%         3
 Petrify                  Tmut/Erth      14%        N/A       38%         4
 Dispersal                Tloc           1%         N/A       100%        6


Dungeon Overview and Level Annotations

Branches:
Dungeon (4/15)
 Temple: D:4-7

Altars:
Okawaru
Vehumet

Shops:
D:2 ==

Annotations:
D:2 1 runed translucent door, Crazy Yiuf
D:4 Edmund


Innate Abilities, Weirdness & Mutations

You cannot wear most types of armour.
You are amphibious.
You can wear up to eight rings at the same time.
Your skin changes colour to match your surroundings (Stealth+).
Your rubbery body absorbs attacks. (AC +1, EV +1)
((You are camouflaged when in or above water. (Stealth+)))
You have tentacles for arms and can constrict up to eight enemies at once.


Message History

Edmund is moderately wounded.
Edmund barely misses you.
The blast of sand hits Edmund.
Edmund is moderately wounded.
Edmund barely misses you.
The blast of sand hits Edmund.
Edmund is heavily wounded.
Edmund hits you with a +0 flail of distortion.
Space warps around you.
The blast of sand hits Edmund.
Edmund is severely wounded.
Edmund hits you with a +0 flail of distortion.
Space warps horribly around you!
* * * LOW HITPOINT WARNING * * *
You are too injured to fight recklessly!
Casting: Sandblast (safe; 1% risk of failure)
Confirm with . or Enter, or press ? or * to list all spells.
Aiming: Sandblast (safe; 1% risk of failure)
Press: ? - help, Shift-Dir - straight line, f/p - Edmund
Aim: Edmund, wielding a +0 flail of distortion and wearing a +2 leather armour of fire resistance (severely wounded, 81% to hit)
You miscast Sandblast.
You are very lightly contaminated with residual magic.
Nothing appears to happen.
Edmund barely misses you.
Unknown command.
Casting: Sandblast (safe; 1% risk of failure)
Confirm with . or Enter, or press ? or * to list all spells.
Aiming: Sandblast (safe; 1% risk of failure)
Press: ? - help, Shift-Dir - straight line, f/p - Edmund
Aim: Edmund, wielding a +0 flail of distortion and wearing a +2 leather armour of fire resistance (severely wounded, 81% to hit)
The blast of sand hits Edmund.
Edmund is severely wounded.
You now have no stones remaining.
Edmund barely misses you.
Casting: Sandblast (safe; 1% risk of failure)
Confirm with . or Enter, or press ? or * to list all spells.
You don't have enough magic to cast this spell.
Unknown command.
You hit Edmund but do no damage. Your grab misses Edmund.
Edmund is severely wounded.
Edmund hits you with a +0 flail of distortion!
You die...

#.# #.# #.#
#.#### ##....#
######...#.#
#..@@..#.#.#
#.####...#.###
#........#
#.####.#.########
#. #.#.........
#. #..#########
#. ##.## # #.
##.#.### ## ..
#.###..# #.


You could see Edmund.

Vanquished Creatures
  A scorpion (D:4)
  Robin (D:2)
  6 adders
  A worm (D:2)
  An orc (D:3)
  8 ball pythons
  2 endoplasms
  11 goblins
  9 hobgoblins
  5 jackals
  9 kobolds
  3 quokkas
  5 bats
  2 frilled lizards
  8 rats
72 creatures vanquished.

Notes
Turn   | Place    | Note
-------+----------+-------------------------------------------
     0 | D:1      | Cecur the Octopode Earth Elementalist began the quest for
                  | the Orb.
     0 | D:1      | Reached XP level 1. HP: 11/11 MP: 3/3
   227 | D:1      | Reached XP level 2. HP: 17/17 MP: 3/5
   496 | D:1      | Found a faded altar of an unknown god.
   501 | D:1      | Prayed at the altar of an unknown god.
   501 | D:1      | Became a worshipper of Vehumet
   501 | D:1      | Reached * piety under Vehumet
   501 | D:1      | Offered knowledge of Shock by Vehumet.
   703 | D:1      | Reached XP level 3. HP: 21/21 MP: 4/6
   943 | D:2      | Learned a level 3 spell: Stone Arrow
  1059 | D:2      | Found Doigief's Jewellery Shoppe.
  1178 | D:2      | Found Peulis's Jewellery Shoppe.
  1364 | D:2      | Reached skill level 4 in Earth Magic
  1364 | D:2      | Reached XP level 4. HP: 27/27 MP: 3/7
  1419 | D:2      | Reached ** piety under Vehumet
  1419 | D:2      | Offered knowledge of Freeze by Vehumet.
  1648 | D:2      | Found a runed translucent door.
  1649 | D:2      | Noticed Crazy Yiuf
  1789 | D:2      | Noticed Robin
  1791 | D:2      | Killed Robin
  2417 | D:3      | Reached XP level 5. HP: 20/31 MP: 4/9
  2606 | D:3      | Found an iron altar of Okawaru.
  2843 | D:4      | Reached skill level 1 in Conjurations
  2929 | D:4      | Noticed Edmund
  2943 | D:4      | Slain by Edmund

Illustrated notes

Levels and vault maps discovered:
D:1:      dpeg_arrival_long_road, layout_basic, ebering_ecumenical_altar_webs,
          minmay_misc_feat_square, nrook_loot_triangle
D:2:      layout_basic, serial_shops, nicolae_diamond_shop, shop, uniq_robin,
          uniq_crazy_yiuf_cottage
D:3:      layout_rooms, okawaru_trees_1, minmay_statues_item
D:4:      layout_loops_ring, elyvilon_altar_3, uniq_natasha, uniq_edmund

Skill      XL: |  1  2  3  4  5 |
---------------+----------------+-----
Earth Magic    | 4 |  4.7
Spellcasting   | 3 |  3.3
Conjurations   | 1 |  1.0
Fighting       | |  0.1
Short Blades   | |  0.1
Dodging        | |  2.7
Stealth        | |  2.9
Unarmed Combat | |  0.3
Transmutations | |  1.0

Action                   |  1- 3 |  4- 6 || total
-------------------------+-------+-------++-------
Melee: Unarmed           |    17 |       ||    17
       Constrict         |     6 |     1 ||     7
       Tentacles         |     5 |     2 ||     7
       Rapier            |     6 |     5 ||    11
 Cast: Sandblast         |    41 |    54 ||    95
 Stab: Sleeping          |     2 |       ||     2
Armor: Skin              |     4 |       ||     4
Dodge: Dodged            |    22 |    17 ||    39

Table legend: (Time is in decaauts)
 A = Elapsed time spent in this place.
 B = Non-inter-level travel time spent in this place.
 C = Inter-level travel time spent in this place.
 D = Time resting spent in this place.
 E = Time spent auto-exploring this place.
 F = Levels seen in this place.
 G = Mean time per level.
                   A        B        C        D        E       F      G
               +--------+--------+--------+--------+--------+-----+--------+
         Total |   2943 |   2845 |     98 |      0 |   2454 |   4 |  735.8 |
       Dungeon |   2943 |   2845 |     98 |      0 |   2454 |   4 |  735.8 |
               +--------+--------+--------+--------+--------+-----+--------+

Top non-repeatable levels by time:
     D:2: 1100 daAuts
     D:1: 888 daAuts
     D:3: 845 daAuts
     D:4: 108 daAuts
